 Dungeon Crawl Stone Soup version 0.30-a0-393-g54b8e3be05 (webtiles) character file.

Game seed: 12656609117420913669

5 funkygono the Firebug (level 1, 0/13 HPs)
             Began as a Demonspawn Fire Elementalist on Dec 5, 2022.
             Slain by a jackal (3 damage)
             ... on level 1 of the Dungeon.
             The game lasted 00:00:34 (311 turns).

funkygono the Firebug (Demonspawn Fire Elementalist) Turns: 311, Time: 00:00:35

Health: 0/13       AC:  2    Str:  8    XL:     1   Next: 66%
Magic:  0/3        EV: 12    Int: 16    God:
Gold:   9          SH:  0    Dex: 13    Spells: 3/4 levels left

rFire   . . .      SeeInvis .    e - +0 short sword
rCold   . . .      Faith    .    (no shield)
rNeg    . . .      Spirit   .    a - +0 robe
rPois   .          Reflect  .    (no helmet)
rElec   .          Harm     .    (no cloak)
rCorr   .          Rampage  .    (no gloves)
Will    .....                    (no boots)
Stlth   ++........               (no amulet)
HPRegen 0.22/turn                (no ring)
MPRegen 0.08/turn                (no ring)

@: very slightly contaminated
A: no striking features
a: no special abilities


You were on level 1 of the Dungeon.
You visited 1 branch of the dungeon, and saw 1 of its levels.

You collected 9 gold pieces.

Inventory:

Hand Weapons
 e - a +0 short sword (weapon)
Armour
 a - a +0 robe (worn)
Scrolls
 c - a scroll of torment {unknown}
 d - a scroll of enchant weapon {unknown}
Potions
 b - a potion of magic


   Skills:
 + Level 1.9 Dodging
 - Level 1.7 Stealth
 + Level 2.1 Spellcasting
 + Level 1.0 Conjurations
 + Level 2.8 Fire Magic


You had 3 spell levels left.
You knew the following spells:

 Your Spells              Type           Power      Damage    Failure   Level
a - Foxfire               Conj/Fire      28%        2x1d5     10%         1

Your spell library contained the following spells:

 Spells                   Type           Power      Damage    Failure   Level
 Scorch                   Fire           20%        2d6       10%         2
 Inner Flame              Hex/Fire       6%         N/A       34%         3
 Kindle Blastsparks       Fire/Tloc/Air  8%         2d10      38%         3
 Flame Wave               Conj/Fire      7%         2d5       67%         4


Dungeon Overview and Level Annotations

Branches:
Dungeon (1/15)

Altars:


Message History

Confirm with . or Enter, or press ? or * to list all spells.
You conjure some foxfire!
The jackal bites you but does no damage.
Your foxfire dissipates!
The foxfire hits the jackal.
The jackal is heavily wounded.
The jackal attacks as you move away! The jackal bites you.
The jackal attacks as you move away! The jackal bites you.
The jackal attacks as you move away! The jackal bites you.
The jackal barely misses you. The jackal attacks as you move away!
The jackal bites you.
Casting: Foxfire (safe; 10% risk of failure)
Confirm with . or Enter, or press ? or * to list all spells.
You conjure some foxfire!
The foxfire hits the jackal.
The jackal is lightly wounded.
The jackal barely misses you.
Unknown command.
The foxfire hits the jackal.
The jackal is moderately wounded.
The jackal barely misses you. The jackal barely misses you.
Casting: Foxfire (safe; 10% risk of failure)
Confirm with . or Enter, or press ? or * to list all spells.
You miscast Foxfire.
You are very lightly contaminated with residual magic.
Nothing appears to happen.
Casting: Foxfire (safe; 10% risk of failure)
Confirm with . or Enter, or press ? or * to list all spells.
You don't have enough magic to cast this spell.
Unknown command.
The jackal closely misses you. The jackal bites you.
The jackal closely misses you. The jackal misses you.
The jackal attacks as you move away! The jackal barely misses you.
The jackal attacks as you move away! The jackal barely misses you.
The jackal bites you.
* * * LOW HITPOINT WARNING * * *
The jackal bites you but does no damage.
The jackal attacks as you move away! The jackal bites you.
You die...

#.......# #.....## #.#
#####.### #.#...######.#
#.# ###............#
####.###..รท....########
#.........#.##.#
#######.##.##...#..#.#
#........#...K..##.#.#
#.#####..####hh###.#.#
#..####@.......#
#.......###...##
##.###### ..# #.### ..#
###########...## #
#H#i#K#T#6#....#
#############..#####.
..........'..........
############.........


You could see 2 jackals and a kobold.

Vanquished Creatures
  2 ball pythons (D:1)
  2 bats (D:1)
  A frilled lizard (D:1)
  A kobold (D:1)
6 creatures vanquished.

Vanquished Creatures (others)
  19 foxfires (D:1)
19 creatures vanquished.

Grand Total: 25 creatures vanquished

Notes
Turn   | Place    | Note
-------+----------+-------------------------------------------
     0 | D:1      | funkygono the Demonspawn Fire Elementalist began the quest
                  | for the Orb.
     0 | D:1      | Reached XP level 1. HP: 13/13 MP: 3/3
     2 | D:1      | Noticed a naga
     2 | D:1      | Noticed a tengu
     4 | D:1      | Noticed a meteoran
     4 | D:1      | Noticed a minotaur
     6 | D:1      | Noticed a ghoul
     6 | D:1      | Noticed a draconian
     8 | D:1      | Noticed a gargoyle
     8 | D:1      | Noticed a merfolk
    10 | D:1      | Noticed a vampire
    10 | D:1      | Noticed a human
    12 | D:1      | Noticed an elf
    12 | D:1      | Noticed a felid
    14 | D:1      | Noticed a vine stalker
    16 | D:1      | Noticed an octopode
    16 | D:1      | Noticed a demonspawn
    18 | D:1      | Noticed an armataur
    18 | D:1      | Noticed a formicid
    20 | D:1      | Noticed a spriggan
    22 | D:1      | Noticed a demigod
    24 | D:1      | Noticed a troll
    24 | D:1      | Noticed a felid
    26 | D:1      | Noticed a demonspawn
    26 | D:1      | Noticed an ogre
   311 | D:1      | Slain by a jackal

Illustrated notes

Levels and vault maps discovered:
D:1:      kb_arrival_jail, layout_loops_cross, grunt_decor_clamped

Action                   || total
-------------------------++-------
Melee: Unarmed           ||     1
 Cast: Foxfire           ||    13
Armor: Robe              ||    13
Dodge: Dodged            ||    19

Table legend: (Time is in decaauts)
 A = Elapsed time spent in this place.
 B = Non-inter-level travel time spent in this place.
 C = Inter-level travel time spent in this place.
 D = Time resting spent in this place.
 E = Time spent auto-exploring this place.
 F = Levels seen in this place.
 G = Mean time per level.
                   A        B        C        D        E       F      G
               +--------+--------+--------+--------+--------+-----+--------+
         Total |    310 |    310 |      0 |      0 |    230 |   1 |  310.0 |
       Dungeon |    310 |    310 |      0 |      0 |    230 |   1 |  310.0 |
               +--------+--------+--------+--------+--------+-----+--------+

Top non-repeatable levels by time:
     D:1: 310 daAuts
